 Dungeon Crawl Stone Soup version 0.25.1-2-g60ff931 (webtiles) character file.

Game seed: 6855382027046207643

4460 Askren the Cleaver (level 10, -4/136 HPs)
             Began as a Hill Orc Berserker on Sept 11, 2020.
             Was an Elder of Trog.
             Slain by a 12-headed hydra (7 damage)
             ... on level 8 of the Dungeon.
             The game lasted 00:35:14 (7159 turns).

Askren the Cleaver (Hill Orc Berserker)             Turns: 7159, Time: 00:35:15

Health: -4/136     AC: 17    Str: 23    XL:     10   Next: 37%
Magic:  10/10      EV:  8    Int: 10    God:    Trog [****..]
Gold:   434        SH:  0    Dex: 11    Spells: 9/9 levels left

rFire    . . .     SeeInvis .   i - +1 hand axe (vorpal)
rCold    . . .     Gourm    .   (no shield)
rNeg     . . .     Faith    .   M - +3 chain mail
rPois    +         Spirit   .   O - +2 helmet {Int+3}
rElec    .         Reflect  .   (no cloak)
rCorr    .         Harm     .   (no gloves)
MR       +++..                  G - +0 pair of boots
Stlth    ..........             (no amulet)
HPRegen  1.32/turn              o - ring of poison resistance
MPRegen  0.12/turn              L - ring of protection from magic

@: berserking, regenerating, heavily drained, very quick
A: no striking features
a: Berserk, Trog's Hand, Brothers in Arms, Renounce Religion


You were on level 8 of the Dungeon.
You worshipped Trog.
Trog was greatly pleased with you.
You were not hungry.

You visited 1 branch of the dungeon, and saw 8 of its levels.

You collected 434 gold pieces.

Inventory:

Hand Weapons
 a - a +0 hand axe
 b - a +3 halberd of freezing
 i - a +1 vorpal hand axe (weapon)
 l - a +2 long sword
 u - a +2 dagger of speed
 y - a +3 whip of venom
 z - a +1 flail of protection
 H - a +1 dagger of holy wrath
 J - the +3 mace of the Median {vorpal, *Drain +Inv Str+2 SInv}
   (You took it off an orc warrior on level 6 of the Dungeon)

   It inflicts extra damage upon your enemies.
   It affects your strength (+2).
   It lets you see invisible.
   It lets you turn invisible.
   It causes draining when unequipped.
 K - a +2 short sword of venom
 N - a +4 scimitar of freezing
 P - a +4 spear
Missiles
 v - 12 boomerangs (quivered)
Armour
 w - a +0 helmet
 G - a +0 pair of boots (worn)
 M - a +3 chain mail (worn)
 O - a +2 helmet of intelligence (worn)
Jewellery
 o - a ring of poison resistance (left hand)
 x - an uncursed ring of protection from cold
 L - a ring of protection from magic (right hand)
Wands
 A - a wand of flame (5)
Scrolls
 d - a scroll of fog {unknown}
 e - 4 scrolls of identify
 g - a scroll of remove curse
 j - 3 scrolls of noise {unknown}
 m - 3 scrolls of fear {unknown}
 q - a scroll of teleportation {unknown}
 r - a scroll of magic mapping {unknown}
 B - 3 scrolls of enchant weapon {unknown}
 E - 2 scrolls of enchant armour {unknown}
 F - a scroll of random uselessness {unknown}
 R - a scroll of blinking {unknown}
Potions
 f - 4 potions of mutation {unknown}
 h - a potion of invisibility {unknown}
 k - 4 potions of stabbing {unknown}
 n - 2 potions of cancellation {unknown}
 p - 6 potions of curing {unknown}
 s - a potion of brilliance {unknown}
 t - 2 potions of flight {unknown}
 C - a potion of lignification {unknown}
 D - 2 potions of heal wounds {unknown}
 I - 2 potions of magic {unknown}
 Q - a potion of resistance
Comestibles
 c - 9 rations


   Skills:
 + Level 9.0(6.3) Fighting
 + Level 13.1(10.1) Axes
 + Level 1.1(4.7) Maces & Flails
 + Level 7.5(4.9) Armour
 + Level 4.2(1.8) Dodging
 + Level 1.5(0.0) Stealth


You had 9 spell levels left.
You didn't know any spells.
Your spell library was empty.

Dungeon Overview and Level Annotations

Branches:
Dungeon (8/15)
 Temple: D:4-7         Lair: D:8-11

Altars:
Fedhas
Qazlal
Beogh

Shops:
D:4 %

Annotations:
D:8 ew1980's ghost, novice MiFi


Message History

The 11-headed hydra bites you but does no damage. x5
The 11-headed hydra bites you!
* * * LOW HITPOINT WARNING * * *
Ew1980's ghost hits you.
* * * LOW HITPOINT WARNING * * *
You feel drained.
i - a +1 vorpal hand axe (weapon)
You slice one of the 11-headed hydra's heads off!
The ten-headed hydra grows two more!
You hit the 12-headed hydra.
The 12-headed hydra is lightly wounded.
You hit ew1980's ghost.
The 12-headed hydra bites you but does no damage.
The 12-headed hydra bites you!
* * * LOW HITPOINT WARNING * * *
The 12-headed hydra bites you but does no damage.
The 12-headed hydra completely misses you.
The 12-headed hydra bites you.
* * * LOW HITPOINT WARNING * * *
The 12-headed hydra bites you!
You die...

.#.....# #....+...# ###........
######.# #....#...# #........
######.# #....#...# #........
.......# #....#.#.# #........
##..#### #....#.#># #........
#...# #......##### #........
##..#######.....##♣♣≈###........
#.......#####..#.(...##...<....
#.......# #.@D.....♣#########
###.......# #..W..)..♣
..........# #..'.....≈
..........# ##.#...?.##########
..........#
####.##♣♣≈##.........
..........#
#....##########.....#
..........# #.####.....# #.###..
..........# #...##.###.# #.#####
.....###### ###.##.#
#.####......


You could see a 12-headed hydra and ew1980's ghost.

Vanquished Creatures
  A two-headed ogre (D:6)
  A hippogriff (D:7)
  The ghost of promet the Scratcher, an amateur FeBe of Trog (D:6)
  A hungry ghost (D:7)
  Duvessa (D:7)
  2 orc warriors (D:6)
  A black bear (D:6)
  2 ice beasts
  2 sky beasts
  2 phantoms
  4 ogres
  2 centaurs
  A bullfrog (D:6)
  Dowan (D:7)
  5 killer bees (D:7)
  A scorpion (D:4)
  8 wights
  2 crimson imps
  A jelly (D:6)
  9 orc priests
  3 hounds
  A bullfrog zombie (D:5)
  A centaur skeleton (D:8)
  A bullfrog skeleton (D:7)
  3 iguanas
  9 orc wizards
  5 worker ants
  A hound skeleton (D:6)
  A howler monkey zombie (D:7)
  A worker ant zombie (D:8)
  3 gnolls (D:6)
  8 adders
  A shadow imp (D:3)
  2 oozes
  An adder skeleton (D:4)
  An adder zombie (D:6)
  6 dart slugs
  3 worms
  7 leopard geckos
  31 orcs
  A ball python (D:2)
  2 giant cockroaches
  9 goblins
  10 hobgoblins
  7 jackals
  4 kobolds
  3 quokkas
  4 bats
  5 frilled lizards
  7 rats
189 creatures vanquished.

Vanquished Creatures (others)
  3 plants (D:8)
3 creatures vanquished.

Grand Total: 192 creatures vanquished

Notes
Turn   | Place    | Note
-------+----------+-------------------------------------------
     0 | D:1      | Askren the Hill Orc Berserker began the quest for the Orb.
     0 | D:1      | Reached XP level 1. HP: 19/19 MP: 1/1
   183 | D:1      | Reached XP level 2. HP: 23/27 MP: 2/2
   745 | D:1      | Reached XP level 3. HP: 27/34 MP: 3/3
  1417 | D:2      | Reached ** piety under Trog
  1417 | D:2      | Reached skill level 5 in Axes
  1417 | D:2      | Reached XP level 4. HP: 26/41 MP: 4/4
  1540 | D:2      | Reached skill level 5 in Fighting
  1837 | D:2      | Reached XP level 5. HP: 48/48 MP: 5/5
  2577 | D:3      | Reached skill level 6 in Axes
  2643 | D:3      | Reached XP level 6. HP: 36/56 MP: 6/6
  3163 | D:4      | Found Enlaam's Food Boutique.
  3176 | D:4      | Found a stormy altar of Qazlal.
  3576 | D:4      | Noticed a phantom
  3597 | D:4      | Killed a phantom
  3597 | D:4      | Reached skill level 7 in Axes
  3597 | D:4      | Reached XP level 7. HP: 41/61 MP: 7/7
  3707 | D:4      | Reached *** piety under Trog
  3707 | D:4      | Reached skill level 5 in Armour
  4040 | D:4      | Reached skill level 8 in Axes
  4391 | D:5      | Entered Level 5 of the Dungeon
  4395 | D:5      | Found a blossoming altar of Fedhas.
  4447 | D:5      | Reached XP level 8. HP: 57/70 MP: 8/8
  4563 | D:5      | You fall into a shaft and drop 3 floors!
  4649 | D:7      | Noticed Duvessa
  4649 | D:7      | Noticed Dowan
  4658 | D:7      | Reached skill level 1 in Stealth
  4663 | D:7      | Killed Duvessa
  4663 | D:7      | Reached skill level 9 in Axes
  4687 | D:7      | Killed Dowan
  4737 | D:7      | Reached skill level 10 in Axes
  4737 | D:7      | Reached XP level 9. HP: 43/79 MP: 9/9
  5161 | D:6      | Found a runed translucent gate.
  5168 | D:6      | Noticed promet's ghost (amateur FeBe)
  5173 | D:6      | Identified the cursed +3 mace of the Median {vorpal, *Drain
                  | +Inv Str+2 SInv}
  5196 | D:6      | Found a runed translucent gate.
  5197 | D:6      | Found a runed translucent gate.
  5203 | D:6      | Found a roughly hewn altar of Beogh.
  5237 | D:6      | Reached skill level 11 in Axes
  5459 | D:6      | Reached **** piety under Trog
  5658 | D:6      | Noticed a two-headed ogre
  5672 | D:6      | Killed a two-headed ogre
  5672 | D:6      | Reached skill level 12 in Axes
  5672 | D:6      | Reached XP level 10. HP: 23/90 MP: 10/10
  6029 | D:6      | Killed promet's ghost
  6577 | D:8      | Reached skill level 13 in Axes
  6802 | D:8      | Found a runed translucent gate.
  6802 | D:8      | Found a runed translucent gate.
  6804 | D:8      | Found a runed translucent gate.
  6806 | D:8      | Noticed an 11-headed hydra
  6806 | D:8      | Noticed ew1980's ghost (novice MiFi)
  6885 | D:8      | Reached skill level 1 in Maces & Flails
  7159 | D:8      | HP: 6/136 [12-headed hydra (9)]
  7159 | D:8      | Slain by a 12-headed hydra

Illustrated notes

Levels and vault maps discovered:
D:1:      minmay_arrival_wavy_path, layout_basic, interstate_on_off
D:2:      layout_rooms
D:3:      layout_basic
D:4:      layout_loops_ring, serial_shops, kennysheep_mini,
          minmay_misc_feat_secret_circle, serial_bayou_pond_a,
          grunt_qazlal_sundering
D:5:      layout_rooms, lemuel_crystal_altar, temple_green, first_ration,
          uniq_edmund
D:6:      layout_rooms, biasface_ghost_orc_armoury
D:7:      layout_cave_pools, uniq_duvessa
D:8:      layout_basic, gammafunk_ghost_hydra_chop

Skill      XL: |  1  2  3  4  5  6  7  8  9 10 |
---------------+-------------------------------+-----
Fighting       | 4 5 6 7 8 9 |  9.0
Axes           | 5 6 7 8 10 12 13 | 13.1
Dodging        | 2 3 4 |  4.2
Armour         | 3 4 5 6 7 |  7.5
Stealth        | 1 |  1.5
Maces & Flails | 1 |  1.1

Action                   |  1- 3 |  4- 6 |  7- 9 | 10-12 || total
-------------------------+-------+-------+-------+-------++-------
Melee: Hand axe          |   115 |   175 |   324 |    37 ||   651
       Mace              |       |       |       |    71 ||    71
Invok: Berserk           |       |     6 |     9 |     3 ||    18
       Trog's Hand       |       |     4 |     6 |     2 ||    12
  Use: Scroll            |     1 |     1 |       |     4 ||     6
  Eat: Chunk             |     2 |    13 |    12 |     6 ||    33
       Ration            |       |       |     2 |     1 ||     3
Armor: Animal skin       |    16 |       |       |       ||    16
       Ring mail         |    20 |    41 |    92 |     6 ||   159
       Chain mail        |       |       |       |    68 ||    68
Dodge: Dodged            |    87 |    73 |   148 |    67 ||   375
